 Dungeon Crawl Stone Soup version 0.27.1 (webtiles) character file.

Game seed: 17344334926611371109

498 acemry the Reanimator (level 6, -3/41 HPs)
             Began as a Vampire Necromancer on Sept 4, 2021.
             Slain by an ogre (23 damage)
             ... on level 4 of the Dungeon.
             The game lasted 00:17:16 (4957 turns).

acemry the Reanimator (Vampire Necromancer)         Turns: 4957, Time: 00:17:17

Health: -3/41      AC:  2    Str:  7    XL:     6   Next: 94%
Magic:  11/11      EV: 12    Int: 20    God:
Gold:   143        SH:  5    Dex: 14    Spells: 8/12 levels left

rFire    + . .     SeeInvis +   h - +1 whip (elec)
rCold    + . .     Faith    .   (no shield)
rNeg     . . .     Spirit   .   a - +0 robe
rPois    .         Reflect  +   (no helmet)
rElec    .         Harm     .   m - scarf {rC+ rF+}
rCorr    .         Rampage  .   (no gloves)
Will     +....                  (no boots)
Stlth    ++........             d - amulet of reflection
HPRegen  0.33/turn              f - ring of willpower
MPRegen  0.12/turn              (no ring)

@: healing quickly
A: alive, fangs 3, see invisible, vampiric 2
a: Exsanguinate


You were on level 4 of the Dungeon.
You visited 1 branch of the dungeon, and saw 5 of its levels.

You collected 143 gold pieces.

Inventory:

Hand Weapons
 h - a +1 whip of electrocution (weapon)
Missiles
 b - 52 arrows
Armour
 a - a +0 robe (worn)
 m - a scarf of resistance (worn)
Jewellery
 d - an amulet of reflection (around neck)
 f - a ring of willpower (left hand)
 l - a ring of wizardry
Scrolls
 i - a scroll of identify
 j - a scroll of blinking
 k - 2 scrolls of magic mapping
Potions
 c - a potion of brilliance
 e - 2 potions of resistance
 n - 2 potions of flight {unknown}


   Skills:
 - Level 2.1 Dodging
 - Level 3.0 Stealth
 - Level 3.7 Spellcasting
 + Level 1.2 Hexes
 * Level 8.1 Necromancy
 + Level 1.0 Ice Magic


You had 8 spell levels left.
You knew the following spells:

 Your Spells              Type           Power      Damage    Failure   Level
a - Pain                  Necr           100%       1d9       1%          1
b - Animate Skeleton      Necr           72%        N/A       1%          1
c - Ensorcelled Hibernat  Hex/Ice        16%        N/A       13%         2

Your spell library contained the following spells:

 Spells                   Type           Power      Damage    Failure   Level
 Vampiric Draining        Necr           18%        2d8       1%          3
 Animate Dead             Necr           18%        N/A       4%          4
 Corona                   Hex            8%         N/A       9%          1
 Freeze                   Ice            28%        1d5       9%          1
 Agony                    Necr           36%        N/A       13%         5
 Tukima's Dance           Hex            8%         N/A       24%         3
 Ozocubu's Armour         Ice            7%         N/A       26%         3
 Portal Projectile        Hex/Tloc       12%        N/A       30%         3
 Call Canine Familiar     Summ           3%         N/A       36%         3
 Gell's Gravitas          Tloc           1%         N/A       36%         3
 Teleport Other           Tloc           3%         N/A       36%         3
 Leda's Liquefaction      Hex/Erth       3%         N/A       71%         4
 Metabolic Englaciation   Hex/Ice        4%         N/A       93%         5
 Simulacrum               Ice/Necr       10%        N/A       97%         6
 Dispersal                Tloc           1%         N/A       100%        6
 Death's Door             Necr           Unusable   N/A       N/A         9

Dungeon Overview and Level Annotations

Branches:
Dungeon (5/15)
 Temple: D:4-7

Altars:
Gozag
Kikubaaqudgha
Makhleb
Nemelex Xobeh
Qazlal
Wu Jian

Shops:
D:1 (


Innate Abilities, Weirdness & Mutations

Your natural rate of healing is accelerated.
You have razor-sharp teeth.
You have supernaturally acute eyesight. (SInv)
You are afflicted with vampirism and can become a bat while bloodless.


Message History

The ufetubus closely misses you. x2
The ufetubus hits you. The ufetubus barely misses you.
You block the ufetubus's attack. x2
There is a stone staircase leading up here.
You hit the ufetubus but do no damage. You bite the ufetubus.
The ufetubus is lightly wounded.
You block the ufetubus's attack. The ufetubus closely misses you.
You block the ufetubus's attack. The ufetubus misses you.
You block the ufetubus's attack. The ufetubus hits you.
You climb upwards.
There is a stone staircase leading down here.
The ufetubus barely misses you. The ufetubus hits you.
You hit the ufetubus.
The ufetubus is heavily wounded.
The ufetubus hits you but does no damage.
You block the ufetubus's attack.
You hit the ufetubus but do no damage. Lightning courses through the ufetubus!
You kill the ufetubus!
There is a stone staircase leading down here.
HP restored.
Done exploring.
You climb downwards.
The ogre hits you with a +0 giant club!!
There is a stone staircase leading up, spattered with blood here.
The ogre hits you with a +0 giant club!!
* * * LOW HITPOINT WARNING * * *
You climb upwards.
There is a stone staircase leading down here.
You feel much better. You block the ogre's attack.
The ogre hits you with a +0 giant club!!
Keep bloodletting? [Y]es or [N]o only, please.
Keep bloodletting? [Y]es or [N]o only, please.
Keep bloodletting? [Y]es or [N]o only, please.
Keep bloodletting?
You stop emptying yourself of blood.
Ouch! That really hurt!
You die...

########## #........#
#.######.############ ####
#.######..†.........# #...
#.#......##########.# #...
#.#.............# #.########...
#.#......######.###........'...
#.######.#....@...##########...
#.............O............'...
###############.#.#..#######.#...
..................#...######'#...
#######......##.###.#.....#....##
#......'....#(#.)..>#....##
#......##.#.#.#.....#....##
#......##.#.#.#.....#....##
######.##.#<#.##....#....##


You could see an ogre.

Vanquished Creatures
  An ogre (D:4)
  Blork the orc (D:4)
  A hound (D:4)
  3 orc priests (D:3)
  An iguana (D:4)
  6 gnolls
  3 adders
  2 ufetubi (D:4)
  2 worms (D:2)
  A dart slug (D:1)
  8 orcs
  6 ball pythons
  4 endoplasms
  6 giant cockroaches
  9 goblins
  10 hobgoblins
  2 jackals (D:2)
  4 quokkas
  6 bats
  5 frilled lizards
  5 kobolds
  7 rats
93 creatures vanquished.

Vanquished Creatures (collateral kills)
  An adder (D:2)
1 creature vanquished.

Grand Total: 94 creatures vanquished

Notes
Turn   | Place    | Note
-------+----------+-------------------------------------------
     0 | D:1      | acemry the Vampire Necromancer began the quest for the Orb.
     0 | D:1      | Reached XP level 1. HP: 13/13 MP: 3/3
   184 | D:1      | Learned a level 1 spell: Animate Skeleton
   234 | D:1      | Reached XP level 2. HP: 17/19 MP: 1/5
   385 | D:1      | Found a faded altar of an unknown god.
   465 | D:1      | Reached skill level 5 in Necromancy
   562 | D:1      | Found Derch's Antique Weapon Boutique.
   933 | D:1      | Gained mutation: You are afflicted with vampirism and can
                  | become a bat while bloodless. [Vampire growth]
   933 | D:1      | Reached XP level 3. HP: 23/24 MP: 3/6
  2537 | D:2      | Reached XP level 4. HP: 26/30 MP: 2/8
  2699 | D:2      | Reached skill level 6 in Necromancy
  2983 | D:3      | Reached XP level 5. HP: 6/35 MP: 2/9
  3144 | D:3      | Got the Tome of Freezing Unholy Rituals
  3149 | D:3      | Learned a level 2 spell: Ensorcelled Hibernation
  3249 | D:3      | Found a stormy altar of Qazlal.
  3832 | D:4      | Reached skill level 7 in Necromancy
  3832 | D:4      | Reached XP level 6. HP: 38/41 MP: 7/11
  4019 | D:4      | Found an opulent altar of Gozag.
  4021 | D:4      | Found an ancient bone altar of Kikubaaqudgha.
  4100 | D:4      | Found a sparkling altar of Nemelex Xobeh.
  4428 | D:4      | Noticed Blork the orc
  4437 | D:4      | Killed Blork the orc
  4438 | D:4      | Reached skill level 1 in Hexes
  4541 | D:4      | Found an ornate altar of the Wu Jian Council.
  4596 | D:4      | Found a burning altar of Makhleb.
  4737 | D:4      | Reached skill level 8 in Necromancy
  4737 | D:4      | Reached skill level 1 in Ice Magic
  4889 | D:5      | Entered Level 5 of the Dungeon
  4957 | D:4      | Slain by an ogre

Illustrated notes

Levels and vault maps discovered:
D:1:      minmay_arrival_stair_chambers, layout_loops_ring,
          shapermc_ecumenical_altar_notcrosses, serial_shops, shop,
          minivault_24, chequers_serial_rivers_large_b
D:2:      layout_loops_corners
D:3:      layout_basic, mainiacjoe_overflow_tiny_flanked
D:4:      layout_basic, nicolae_overflow_hidden_temple,
          nemelex_dance_club_becter, general_overflow_altar, uniq_blork_the_orc
D:5:      corexii_shack_village, layout_cave_pools, kennysheep_mini_moat,
          gammafunk_temple_overflow_wave, minmay_temple_entry_hall,
          serial_shops, shop

Skill      XL: |  1  2  3  4  5  6 |
---------------+-------------------+-----
Necromancy     | 5 6 7 8 |  8.1
Spellcasting   | 3 |  3.7
Hexes          | 1 |  1.2
Ice Magic      | 1 |  1.0
Dodging        | |  2.1
Stealth        | |  3.0

Action                   |  1- 3 |  4- 6 || total
-------------------------+-------+-------++-------
Melee: Unarmed           |    23 |       ||    23
       Bite              |     1 |     3 ||     4
       Whip              |     3 |    39 ||    42
 Cast: Pain              |    87 |    79 ||   166
       Animate Skeleton  |     6 |     4 ||    10
       Ensorcelled Hiber |       |    10 ||    10
 Abil: Exsanguinate      |       |     1 ||     1
  Use: Scroll            |     3 |     4 ||     7
       Potion            |       |     1 ||     1
 Stab: Sleeping          |       |     5 ||     5
Armor: Robe              |     8 |     6 ||    14
Dodge: Dodged            |    24 |    35 ||    59
Block: Other             |     1 |    21 ||    22
